Sound Tigers vs Crunch
Created - May 4, 2021 at 20:20
Goals
|
| Sound Tigers |
2 |
3 |
1 |
6 |
| Crunch |
2 |
1 |
0 |
3 |
|
Shots
|
| Sound Tigers |
13 |
15 |
15 |
43 |
| Crunch |
8 |
11 |
8 |
27 |
|
1st period
1. Sound Tigers , Ben Thomson 17 (Joe Labate 25, Brian Ferlin 39) at 1:39 (PP)
2. Sound Tigers , James Sheppard 42 (Andrew Shaw 54, Joey Laleggia 13) at 3:50
3. Crunch , Nicolas Aube-Kubel 17 (Chase De Leo 11) at 6:31
4. Crunch , Nicolas Aube-Kubel 18 (Cody Goloubef 56) at 12:57
Penalties :
William Nylander (Syr) for Hooking (Minor) at 1:12, Connor Murphy (Sou) for Holding (Minor) at 6:59, Jayson Megna (Sou) for Roughing (Minor) at 10:42
2nd period
5. Crunch , Teemu Hartikainen 20 (Kevin Fiala 22) at 8:59
6. Sound Tigers , Joey Laleggia 3 (Julian Melchiori 25, James Sheppard 41) at 10:02
7. Sound Tigers , Andrew Shaw 38 (Dylan McIlrath 11, James Sheppard 42) at 10:12
8. Sound Tigers , Brian Ferlin 47 (Joe Labate 26, Joey Laleggia 14) at 16:42 (PP)
Penalties :
Dylan Strome (Syr) for Cross-checking (Minor) at 15:23
3rd period
9. Sound Tigers , Brian Ferlin 48 (Connor Murphy 51) at 4:16
Penalties :
James Livingstone (Sou) for High sticking (Minor) at 8:17, Brian Ferlin (Sou) for Hooking (Minor) at 12:41, Nicolas Aube-Kubel (Syr) for Holding Stick (Minor) at 15:09
Goalie Stats
Leland Irving (Sou), 24 saves from 27 shots - (0.889), W, 20-25-7, 60:00 minutes
Alex Nedeljkovic (Syr), 37 saves from 43 shots - (0.860), L, 23-20-8, 60:00 minutes
Players Stats for Sound Tigers
Player Name G A P +/- PIM S H SB GA TA FO MP PP MP PK MP
------------------------------------------------------------------------------------
Alexander Yelesin 0 0 0 -2 0 0 2 0 0 0 0/0 12:58 0:00 1:05
Andrew Shaw 1 1 2 3 0 5 0 0 1 2 1/3 20:29 1:17 4:05
Ben Johnson 0 0 0 0 0 0 0 0 0 0 0/0 0:20 0:03 0:00
Ben Thomson 1 0 1 1 0 6 2 0 1 0 0/1 17:16 2:25 0:45
Blake Speers 0 0 0 0 0 0 0 0 0 0 0/0 0:00 0:00 0:00
Borna Rendulic 0 0 0 0 0 0 0 0 0 1 1/2 6:42 0:00 0:00
Brad Ross 0 0 0 0 0 2 0 2 0 0 0/0 8:43 0:00 2:01
Brian Ferlin 2 1 3 1 2 7 0 0 3 0 0/1 19:43 2:25 2:52
Cade Fairchild 0 0 0 0 0 0 0 0 0 0 0/0 0:00 0:00 0:00
Connor Murphy 0 1 1 1 2 2 1 2 2 1 0/0 23:57 0:52 3:24
David Broll 0 0 0 0 0 0 0 0 0 0 0/0 3:06 0:00 1:53
Dylan McIlrath 0 1 1 1 0 0 2 0 0 0 0/0 24:01 0:52 4:26
Gabriel Carlsson 0 0 0 -2 0 0 0 0 0 1 0/0 12:32 0:00 0:39
Garret Ross 0 0 0 0 0 0 0 0 0 0 0/0 0:03 0:00 0:02
James Livingstone 0 0 0 -3 2 1 2 0 0 1 1/1 13:33 0:00 1:28
James Sheppard 1 2 3 3 0 4 1 0 0 0 4/4 19:33 1:20 1:57
Jayson Megna 0 0 0 3 2 2 2 0 0 3 12/25 16:23 1:20 0:00
Joe Labate 0 2 2 1 0 0 0 0 0 0 10/17 16:48 2:25 0:00
Joey Laleggia 1 2 3 2 0 3 1 3 0 1 0/0 22:44 2:53 3:07
Julian Melchiori 0 1 1 2 0 4 2 2 0 1 0/0 22:51 2:53 3:11
Pavel Kraskovsky 0 0 0 0 0 3 0 0 0 0 0/2 6:42 0:00 0:00
Ryan Bourque 0 0 0 -3 0 3 0 1 1 0 3/6 11:43 0:00 0:49
Slater Koekkoek 0 0 0 0 0 0 0 0 0 0 0/0 0:59 0:00 0:00
Tyrell Goulbourne 0 0 0 -3 0 1 0 1 1 0 0/0 10:54 0:00 0:00
Players Stats for Crunch
Player Name G A P +/- PIM S H SB GA TA FO MP PP MP PK MP
------------------------------------------------------------------------------------
Axel Holmstrom 0 0 0 -1 0 0 0 0 0 0 1/3 8:01 0:00 0:00
Brendan Guhle 0 0 0 0 0 3 0 1 0 0 0/0 17:11 0:00 2:11
Chase De Leo 0 1 1 1 0 0 0 0 0 0 4/10 12:19 0:00 1:10
Cody Goloubef 0 1 1 -2 0 1 1 3 2 1 0/0 26:43 3:16 1:34
Dalton Smith 0 0 0 -1 0 0 1 1 0 0 0/0 8:01 0:00 0:00
Dylan Strome 0 0 0 0 2 1 0 1 0 0 14/22 19:24 3:38 0:52
Jacob Larsson 0 0 0 1 0 0 1 0 1 0 0/0 14:37 3:16 0:14
Kevin Fiala 0 1 1 0 0 3 4 0 0 0 0/3 18:33 3:38 0:00
Kirill Kaprizov 0 0 0 1 0 0 1 1 2 1 0/1 12:36 0:11 0:47
Matt Tennyson 0 0 0 -2 0 0 2 4 1 2 0/0 28:12 4:40 1:20
Max McCormick 0 0 0 -1 0 0 1 0 0 0 0/1 8:59 0:19 0:00
Nicolas Aube-Kubel 2 0 2 1 2 2 0 0 0 0 1/3 12:12 0:25 0:00
Noah Hanifin 0 0 0 0 0 2 3 0 0 1 0/0 20:35 4:40 0:00
Oscar Sundqvist 0 0 0 -1 0 1 4 0 0 0 8/15 19:17 3:59 1:43
Pontus Aberg 0 0 0 -1 0 5 2 0 2 2 1/2 17:34 3:59 0:00
Sean Walker 0 0 0 1 0 0 2 0 0 2 0/0 12:42 0:00 2:11
Teemu Hartikainen 1 0 1 0 0 6 0 1 1 0 1/2 20:28 3:38 1:55
William Nylander 0 0 0 -1 2 3 2 0 2 0 0/0 18:48 4:01 1:03
3 Stars
1 - James Sheppard (Sou)
2 - Joey Laleggia (Sou)
3 - Brian Ferlin (Sou)
Power Play
Sound Tigers - 2 on 3 Attempt(s) - 66.67%
Crunch - 0 on 4 Attempt(s) - 0.00%
Penalty Kill
Sound Tigers - 4 on 4 Attempt(s) - 100.00%
- Score 0 goal in Penalty Kill
Crunch - 1 on 3 Attempt(s) - 33.33%
- Score 0 goal in Penalty Kill
Team Stat
Sound Tigers - Hits : 15 - Faceoff Wins : 32 - Blocked Shots : 11 - Penalty Minutes : 8
Crunch - Hits : 24 - Faceoff Wins : 30 - Blocked Shots : 12 - Penalty Minutes : 6
Official
Referees : Unknown
Linesman : Unknown
Game Notes
No Game Note
Finance
Level 1 -- Attendance: 1352 (67.60%) -- Ticket Income $54,080
Level 2 -- Attendance: 699 (69.90%) -- Ticket Income $13,980
Total Attendance: 2051 (68.37%)
Total Ticket Income: $68,060
Other Income: $3,403
Total Income: $71,463
Sound Tigers
5 vs 5 Forward
Center Left Wing Right Wing Time % Phy DF OF
1 Jayson Megna James Sheppard Andrew Shaw 40 1 2 2
2 Joe Labate Ben Thomson Brian Ferlin 30 1 2 2
3 Ryan Bourque Tyrell Goulbourne James Livingstone 20 1 2 2
4 Pavel Kraskovsky Brad Ross Borna Rendulic 10 1 2 2
5 vs 5 Defense
Defense Defense Time % Phy DF OF
1 Connor Murphy Dylan McIlrath 40 1 2 2
2 Julian Melchiori Joey Laleggia 30 1 2 2
3 Gabriel Carlsson Alexander Yelesin 20 1 2 2
4 Connor Murphy Dylan McIlrath 10 1 2 2
PowerPlay Forward
Center Left Wing Right Wing Time % Phy DF OF
1 Jayson Megna James Sheppard Andrew Shaw 60 1 2 2
2 Joe Labate Ben Thomson Brian Ferlin 40 1 2 2
PowerPlay Defense
Defense Defense Time % Phy DF OF
1 Connor Murphy Dylan McIlrath 60 1 2 2
2 Julian Melchiori Joey Laleggia 40 1 2 2
Penalty Kill 4 Players Forward
Center Wing Time % Phy DF OF
1 Andrew Shaw Brian Ferlin 60 1 2 2
2 James Sheppard James Livingstone 40 1 2 2
Penalty Kill 4 Players Defense
Defense Defense Time % Phy DF OF
1 Connor Murphy Dylan McIlrath 60 1 2 2
2 Julian Melchiori Joey Laleggia 40 1 2 2
Penalty Kill - 3 Players Forward
Forward Time % Phy DF OF
1 Andrew Shaw 60 1 2 2
2 Brian Ferlin 40 1 2 2
Penalty Kill - 3 Players Defense
Defense Defense Time % Phy DF OF
1 Connor Murphy Dylan McIlrath 60 1 2 2
2 Julian Melchiori Joey Laleggia 40 1 2 2
4 vs 4 Forward
Center Wing Time % Phy DF OF
1 Andrew Shaw Brian Ferlin 60 1 2 2
2 James Sheppard James Livingstone 40 1 2 2
4 vs 4 Defense
Defense Defense Time % Phy DF OF
1 Connor Murphy Dylan McIlrath 60 1 2 2
2 Julian Melchiori Joey Laleggia 40 1 2 2
Last Minutes Offensive
Center Left Wing Right Wing Defense Defense
Jayson Megna James Sheppard Andrew Shaw Connor Murphy Dylan McIlrath
Last Minutes Defensive
Center Left Wing Right Wing Defense Defense
Jayson Megna James Sheppard Andrew Shaw Connor Murphy Dylan McIlrath
Goaltenders
Starting : Leland Irving
Backup : Sean Maguire
Extra Forwards
Normal : Ben Johnson, Blake Speers, David Broll - PP : Ben Johnson, Blake Speers - PK : David Broll
Extra Defensemen
Normal : Gabriel Carlsson, Alexander Yelesin, Julian Melchiori - PP : Gabriel Carlsson - PK : Alexander Yelesin, Julian Melchiori
Penalty Shots
Andrew Shaw, Brian Ferlin, James Sheppard, James Livingstone, Jayson Megna
Scratches
Chris Driedger (Healthy)
Crunch
5 vs 5 Forward
Center Left Wing Right Wing Time % Phy DF OF
1 Oscar Sundqvist William Nylander Pontus Aberg 30 1 2 2
2 Dylan Strome Teemu Hartikainen Kevin Fiala 30 1 2 2
3 Chase De Leo Kirill Kaprizov Nicolas Aube-Kubel 25 1 2 2
4 Axel Holmstrom Dalton Smith Max McCormick 15 1 2 2
5 vs 5 Defense
Defense Defense Time % Phy DF OF
1 Matt Tennyson Cody Goloubef 40 1 2 2
2 Brendan Guhle Noah Hanifin 30 1 2 2
3 Sean Walker Jacob Larsson 20 1 2 2
4 Matt Tennyson Cody Goloubef 10 1 2 2
PowerPlay Forward
Center Left Wing Right Wing Time % Phy DF OF
1 Oscar Sundqvist William Nylander Pontus Aberg 60 1 2 2
2 Dylan Strome Teemu Hartikainen Kevin Fiala 40 1 2 2
PowerPlay Defense
Defense Defense Time % Phy DF OF
1 Matt Tennyson Noah Hanifin 60 1 2 2
2 Jacob Larsson Cody Goloubef 40 1 2 2
Penalty Kill 4 Players Forward
Center Wing Time % Phy DF OF
1 Oscar Sundqvist Teemu Hartikainen 60 1 2 2
2 Chase De Leo William Nylander 40 1 2 2
Penalty Kill 4 Players Defense
Defense Defense Time % Phy DF OF
1 Matt Tennyson Cody Goloubef 60 1 2 2
2 Brendan Guhle Sean Walker 40 1 2 2
Penalty Kill - 3 Players Forward
Forward Time % Phy DF OF
1 Oscar Sundqvist 60 1 2 2
2 Teemu Hartikainen 40 1 2 2
Penalty Kill - 3 Players Defense
Defense Defense Time % Phy DF OF
1 Matt Tennyson Cody Goloubef 60 1 2 2
2 Brendan Guhle Sean Walker 40 1 2 2
4 vs 4 Forward
Center Wing Time % Phy DF OF
1 Oscar Sundqvist Pontus Aberg 60 1 2 2
2 Chase De Leo Teemu Hartikainen 40 1 2 2
4 vs 4 Defense
Defense Defense Time % Phy DF OF
1 Matt Tennyson Noah Hanifin 60 1 2 2
2 Sean Walker Cody Goloubef 40 1 2 2
Last Minutes Offensive
Center Left Wing Right Wing Defense Defense
Oscar Sundqvist William Nylander Pontus Aberg Matt Tennyson Noah Hanifin
Last Minutes Defensive
Center Left Wing Right Wing Defense Defense
Oscar Sundqvist Teemu Hartikainen Kevin Fiala Brendan Guhle Cody Goloubef
Goaltenders
Starting : Alex Nedeljkovic
Backup : Kaapo Kahkonen
Extra Forwards
Normal : William Nylander, Kevin Fiala, Kirill Kaprizov - PP : Nicolas Aube-Kubel, Kevin Fiala - PK : Teemu Hartikainen
Extra Defensemen
Normal : Brendan Guhle, Sean Walker, Matt Tennyson - PP : Brendan Guhle - PK : Jacob Larsson, Sean Walker
Penalty Shots
Pontus Aberg, William Nylander, Kirill Kaprizov, Kevin Fiala, Teemu Hartikainen
Scratches
Brock Boeser (Healthy), Anthony Cirelli (Bruised Left Leg Injury), Michael Downing (Healthy), Jeremy Lauzon (Healthy), Charles-Olivier Roussel (Healthy)
Kyle Capobianco (Healthy), Keegan Iverson (Healthy)
% Time on Ice - Sound Tigers
Lines # - Real PCT - Wanted PCT - Time Play
Normal Forward
1 - 31% - 40% - 15:08
2 - 32% - 30% - 15:35
3 - 23% - 20% - 10:54
4 - 14% - 10% - 6:42
Normal Defense
1 - 36% - 40% - 17:11
2 - 35% - 30% - 16:44
3 - 25% - 20% - 11:53
4 - 5% - 10% - 2:31
PP Forward
1 - 36% - 60% - 1:20
2 - 64% - 40% - 2:25
PP Defense
1 - 23% - 60% - 0:52
2 - 77% - 40% - 2:53
PK Forward
1 - 75% - 60% - 5:59
2 - 25% - 40% - 1:57
PK Defense
1 - 61% - 60% - 4:49
2 - 39% - 40% - 3:07
PK3 Forward
1 - 0% - 60%
2 - 0% - 40%
PK3 Defense
1 - 0% - 60%
2 - 0% - 40%
44 Forward
1 - 0% - 60%
2 - 0% - 40%
44 Defense
1 - 0% - 60%
2 - 0% - 40%
Last Minute Offensive - 0:00
Last Minute Defensive - 0:00
Total
Forward - 60:00
Defense - 60:00
|
% Time on Ice - Crunch
Lines # - Real PCT - Wanted PCT - Time Play
Normal Forward
1 - 29% - 30% - 14:14
2 - 31% - 30% - 15:05
3 - 23% - 25% - 10:59
4 - 17% - 15% - 8:01
Normal Defense
1 - 40% - 40% - 19:30
2 - 33% - 30% - 15:46
3 - 21% - 20% - 10:21
4 - 6% - 10% - 2:42
PP Forward
1 - 54% - 60% - 4:18
2 - 46% - 40% - 3:38
PP Defense
1 - 59% - 60% - 4:40
2 - 41% - 40% - 3:16
PK Forward
1 - 69% - 60% - 2:35
2 - 31% - 40% - 1:10
PK Defense
1 - 42% - 60% - 1:34
2 - 58% - 40% - 2:11
PK3 Forward
1 - 0% - 60%
2 - 0% - 40%
PK3 Defense
1 - 0% - 60%
2 - 0% - 40%
44 Forward
1 - 0% - 60%
2 - 0% - 40%
44 Defense
1 - 0% - 60%
2 - 0% - 40%
Last Minute Offensive - 0:00
Last Minute Defensive - 0:00
Total
Forward - 60:00
Defense - 60:00
|
Play-by-Play
1st period
0:01 of 1st period - Jayson Megna wins face-off versus Oscar Sundqvist in neutral zone.
0:16 of 1st period - William Nylander is hit by Connor Murphy and loses puck.
0:23 of 1st period - Jayson Megna is hit by Oscar Sundqvist and loses puck.
0:42 of 1st period - Snap shot by James Sheppard.
0:42 of 1st period - Shot Misses the Net.
1:12 of 1st period - Minor Penalty to William Nylander for Hooking.
1:13 of 1st period - Dylan Strome wins face-off versus Joe Labate in Crunch zone.
1:29 of 1st period - Snap shot by Dylan Strome.
1:29 of 1st period - Stopped by Leland Irving without a rebound.
1:30 of 1st period - Joe Labate wins face-off versus Oscar Sundqvist in Sound Tigers zone.
1:39 of 1st period - Snap shot by Ben Thomson.
1:39 of 1st period - Goal by Ben Thomson - Sound Tigers : 1 - Crunch : 0.
1:40 of 1st period - Dylan Strome wins face-off versus Joe Labate in neutral zone.
1:49 of 1st period - Wrist shot by Brian Ferlin.
1:49 of 1st period - Shot Misses the Net.
3:04 of 1st period - Wrist shot by Andrew Shaw.
3:04 of 1st period - Stopped by Alex Nedeljkovic without a rebound.
3:05 of 1st period - Oscar Sundqvist wins face-off versus Jayson Megna in Crunch zone.
3:05 of 1st period - Oscar Sundqvist is hit by Jayson Megna.
3:50 of 1st period - Backhand shot by James Sheppard.
3:50 of 1st period - Goal by James Sheppard - Sound Tigers : 2 - Crunch : 0.
3:51 of 1st period - Joe Labate wins face-off versus Chase De Leo in neutral zone.
3:56 of 1st period - Slapshot by Connor Murphy.
3:56 of 1st period - Deflect By Joe Labate.
3:56 of 1st period - Shot Blocked by Matt Tennyson.
3:56 of 1st period - Puck is out of play.
3:57 of 1st period - Joe Labate wins face-off versus Chase De Leo in Crunch zone.
3:58 of 1st period - Snap shot by Ben Thomson.
3:58 of 1st period - Stopped by Alex Nedeljkovic without a rebound.
3:59 of 1st period - Joe Labate wins face-off versus Nicolas Aube-Kubel in Crunch zone.
4:08 of 1st period - Slapshot by Ben Thomson.
4:08 of 1st period - Stopped by Alex Nedeljkovic without a rebound.
4:09 of 1st period - Ryan Bourque wins face-off versus Dylan Strome in Crunch zone.
5:33 of 1st period - Snap shot by Joe Labate.
5:33 of 1st period - Shot Blocked by Cody Goloubef.
5:35 of 1st period - Backhand shot by Joey Laleggia.
5:35 of 1st period - Shot Blocked by Cody Goloubef.
5:37 of 1st period - Slapshot by Julian Melchiori.
5:37 of 1st period - Shot Blocked by Dylan Strome.
5:39 of 1st period - Snap shot by Joe Labate.
5:39 of 1st period - Shot Blocked by Matt Tennyson.
5:41 of 1st period - Wrist shot by Brian Ferlin.
5:41 of 1st period - Shot Hit the Post.
5:43 of 1st period - Snap shot by Brian Ferlin.
5:43 of 1st period - Stopped by Alex Nedeljkovic with a rebound.
5:45 of 1st period - Wrist shot by Joey Laleggia.
5:45 of 1st period - Shot Misses the Net.
5:49 of 1st period - Wrist shot by Brian Ferlin.
5:49 of 1st period - Shot Misses the Net.
6:18 of 1st period - Slapshot by Brian Ferlin.
6:18 of 1st period - Stopped by Alex Nedeljkovic without a rebound.
6:19 of 1st period - Ryan Bourque wins face-off versus Chase De Leo in Crunch zone.
6:20 of 1st period - Slapshot by Connor Murphy.
6:20 of 1st period - Stopped by Alex Nedeljkovic with a rebound.
6:22 of 1st period - Snap shot by Tyrell Goulbourne.
6:22 of 1st period - Stopped by Alex Nedeljkovic without a rebound.
6:23 of 1st period - Chase De Leo wins face-off versus Ryan Bourque in Crunch zone.
6:23 of 1st period - Chase De Leo is hit by James Livingstone.
6:31 of 1st period - Snap shot by Nicolas Aube-Kubel.
6:31 of 1st period - Goal by Nicolas Aube-Kubel - Sound Tigers : 2 - Crunch : 1.
6:32 of 1st period - Chase De Leo wins face-off versus Jayson Megna in neutral zone.
6:43 of 1st period - Sean Walker is hit by James Sheppard and loses puck.
6:59 of 1st period - Minor Penalty to Connor Murphy for Holding.
7:00 of 1st period - Oscar Sundqvist wins face-off versus Andrew Shaw in Sound Tigers zone.
7:01 of 1st period - Snap shot by Pontus Aberg.
7:01 of 1st period - Shot Misses the Net.
8:39 of 1st period - Kevin Fiala is hit by Alexander Yelesin and loses puck.
8:59 of 1st period - Penalty to Connor Murphy is over, Connor Murphy is back on ice.
9:01 of 1st period - Icing by Kirill Kaprizov.
9:02 of 1st period - Borna Rendulic wins face-off versus Kirill Kaprizov in Crunch zone.
9:27 of 1st period - Slapshot by Connor Murphy.
9:27 of 1st period - Stopped by Alex Nedeljkovic with a rebound.
10:27 of 1st period - Snap shot by Pavel Kraskovsky.
10:27 of 1st period - Stopped by Alex Nedeljkovic without a rebound.
10:28 of 1st period - James Sheppard wins face-off versus Dylan Strome in Crunch zone.
10:42 of 1st period - Minor Penalty to Jayson Megna for Roughing.
10:43 of 1st period - Oscar Sundqvist wins face-off versus Brian Ferlin in Sound Tigers zone.
11:18 of 1st period - Snap shot by James Livingstone.
11:18 of 1st period - Shot Misses the Net.
12:42 of 1st period - Penalty to Jayson Megna is over, Jayson Megna is back on ice.
12:57 of 1st period - Snap shot by Nicolas Aube-Kubel.
12:57 of 1st period - Goal by Nicolas Aube-Kubel - Sound Tigers : 2 - Crunch : 2.
12:58 of 1st period - Jayson Megna wins face-off versus Chase De Leo in neutral zone.
13:00 of 1st period - Off-side.
13:01 of 1st period - Chase De Leo wins face-off versus Jayson Megna in neutral zone.
13:56 of 1st period - Snap shot by Pavel Kraskovsky.
13:56 of 1st period - Shot Misses the Net.
13:58 of 1st period - Snap shot by Borna Rendulic.
13:58 of 1st period - Shot Misses the Net.
14:00 of 1st period - Wrist shot by Brad Ross.
14:00 of 1st period - Shot Misses the Net.
14:07 of 1st period - Icing by Brendan Guhle.
14:08 of 1st period - Dylan Strome wins face-off versus Ryan Bourque in Crunch zone.
15:19 of 1st period - Wrist shot by Teemu Hartikainen.
15:19 of 1st period - Stopped by Leland Irving without a rebound.
15:20 of 1st period - Dylan Strome wins face-off versus Pavel Kraskovsky in Sound Tigers zone.
15:25 of 1st period - Wrist shot by Kevin Fiala.
15:25 of 1st period - Stopped by Leland Irving without a rebound.
15:26 of 1st period - Dylan Strome wins face-off versus Jayson Megna in Sound Tigers zone.
17:05 of 1st period - Wrist shot by Kevin Fiala.
17:05 of 1st period - Shot Misses the Net.
17:47 of 1st period - Wrist shot by Brian Ferlin.
17:47 of 1st period - Stopped by Alex Nedeljkovic without a rebound.
17:48 of 1st period - Teemu Hartikainen wins face-off versus Joe Labate in Crunch zone.
18:25 of 1st period - Wrist shot by Ryan Bourque.
18:25 of 1st period - Stopped by Alex Nedeljkovic without a rebound.
18:26 of 1st period - Jayson Megna wins face-off versus Pontus Aberg in Crunch zone.
18:27 of 1st period - Snap shot by Andrew Shaw.
18:27 of 1st period - Shot Misses the Net.
18:39 of 1st period - James Sheppard is hit by William Nylander and loses puck.
18:59 of 1st period - Gabriel Carlsson is hit by Pontus Aberg and loses puck.
19:12 of 1st period - Snap shot by William Nylander.
19:12 of 1st period - Stopped by Leland Irving with a rebound.
19:14 of 1st period - Slapshot by Oscar Sundqvist.
19:14 of 1st period - Shot Misses the Net.
19:16 of 1st period - Wrist shot by William Nylander.
19:16 of 1st period - Shot Blocked by Ryan Bourque.
19:18 of 1st period - Wrist shot by Pontus Aberg.
19:18 of 1st period - Stopped by Leland Irving without a rebound.
19:19 of 1st period - Dylan Strome wins face-off versus Jayson Megna in Sound Tigers zone.
19:26 of 1st period - Slapshot by Kevin Fiala.
19:26 of 1st period - Stopped by Leland Irving without a rebound.
19:27 of 1st period - Jayson Megna wins face-off versus Kevin Fiala in Sound Tigers zone.
19:59 of 1st period - Off-side.
Goals for this period are 2 for Sound Tigers vs 2 for Crunch.
Shots for this period are 13 for Sound Tigers vs 8 for Crunch.
2nd period
0:01 of 2nd period - Dylan Strome wins face-off versus Jayson Megna in neutral zone.
0:30 of 2nd period - Wrist shot by Cody Goloubef.
0:30 of 2nd period - Stopped by Leland Irving with a rebound.
0:40 of 2nd period - Chase De Leo is hit by Dylan McIlrath and loses puck.
0:48 of 2nd period - Icing by Matt Tennyson.
0:49 of 2nd period - James Livingstone wins face-off versus Chase De Leo in Crunch zone.
0:58 of 2nd period - Snap shot by Jayson Megna.
0:58 of 2nd period - Deflect By Andrew Shaw.
0:58 of 2nd period - Stopped by Alex Nedeljkovic with a rebound.
1:04 of 2nd period - Wrist shot by Andrew Shaw.
1:04 of 2nd period - Stopped by Alex Nedeljkovic without a rebound.
1:05 of 2nd period - Joe Labate wins face-off versus Dylan Strome in Crunch zone.
1:35 of 2nd period - Off-side.
1:36 of 2nd period - Axel Holmstrom wins face-off versus Ryan Bourque in neutral zone.
1:43 of 2nd period - Snap shot by Cody Goloubef.
1:43 of 2nd period - Shot Misses the Net.
1:57 of 2nd period - Cody Goloubef is hit by Julian Melchiori and loses puck.
2:08 of 2nd period - Wrist shot by James Livingstone.
2:08 of 2nd period - Stopped by Alex Nedeljkovic without a rebound.
2:09 of 2nd period - Jayson Megna wins face-off versus Oscar Sundqvist in Crunch zone.
2:24 of 2nd period - Snap shot by Andrew Shaw.
2:24 of 2nd period - Shot Misses the Net.
3:37 of 2nd period - James Livingstone is hit by Oscar Sundqvist and loses puck.
3:42 of 2nd period - Slapshot by Pontus Aberg.
3:42 of 2nd period - Stopped by Leland Irving without a rebound.
3:43 of 2nd period - Jayson Megna wins face-off versus Dylan Strome in Sound Tigers zone.
4:10 of 2nd period - Joe Labate is hit by Sean Walker and loses puck.
4:17 of 2nd period - Wrist shot by Pontus Aberg.
4:17 of 2nd period - Stopped by Leland Irving with a rebound.
4:19 of 2nd period - Slapshot by William Nylander.
4:19 of 2nd period - Stopped by Leland Irving without a rebound.
4:20 of 2nd period - Jayson Megna wins face-off versus Nicolas Aube-Kubel in Sound Tigers zone.
4:20 of 2nd period - Jayson Megna is hit by Kirill Kaprizov.
4:46 of 2nd period - Joey Laleggia is hit by Oscar Sundqvist and loses puck.
5:12 of 2nd period - Teemu Hartikainen is hit by James Livingstone and loses puck.
5:19 of 2nd period - Snap shot by Ryan Bourque.
5:19 of 2nd period - Shot Misses the Net.
5:26 of 2nd period - Icing by Sean Walker.
5:27 of 2nd period - Dylan Strome wins face-off versus Pavel Kraskovsky in Crunch zone.
5:34 of 2nd period - Slapshot by Oscar Sundqvist.
5:34 of 2nd period - Shot Misses the Net.
5:36 of 2nd period - Wrist shot by Pontus Aberg.
5:36 of 2nd period - Stopped by Leland Irving without a rebound.
5:37 of 2nd period - James Sheppard wins face-off versus Oscar Sundqvist in Sound Tigers zone.
5:55 of 2nd period - Slapshot by Oscar Sundqvist.
5:55 of 2nd period - Stopped by Leland Irving with a rebound.
6:44 of 2nd period - Backhand shot by Oscar Sundqvist.
6:44 of 2nd period - Shot Misses the Net.
6:46 of 2nd period - Snap shot by Oscar Sundqvist.
6:46 of 2nd period - Shot Blocked by Julian Melchiori.
6:48 of 2nd period - Snap shot by William Nylander.
6:48 of 2nd period - Shot Misses the Net.
6:50 of 2nd period - Wrist shot by Pontus Aberg.
6:50 of 2nd period - Shot Blocked by Joey Laleggia.
7:04 of 2nd period - Wrist shot by William Nylander.
7:04 of 2nd period - Stopped by Leland Irving with a rebound.
7:28 of 2nd period - Snap shot by Jayson Megna.
7:28 of 2nd period - Deflect By Andrew Shaw.
7:28 of 2nd period - Shot Blocked by Cody Goloubef.
7:28 of 2nd period - Puck is out of play.
7:29 of 2nd period - Dylan Strome wins face-off versus Joe Labate in Crunch zone.
7:55 of 2nd period - James Livingstone is hit by Noah Hanifin and loses puck.
8:06 of 2nd period - James Livingstone is hit by Sean Walker and loses puck.
8:21 of 2nd period - Snap shot by Dalton Smith.
8:21 of 2nd period - Shot Misses the Net.
8:23 of 2nd period - Slapshot by Noah Hanifin.
8:23 of 2nd period - Stopped by Leland Irving without a rebound.
8:24 of 2nd period - Joe Labate wins face-off versus Axel Holmstrom in Sound Tigers zone.
8:24 of 2nd period - Joe Labate is hit by Max McCormick.
8:59 of 2nd period - Snap shot by Teemu Hartikainen.
8:59 of 2nd period - Goal by Teemu Hartikainen - Sound Tigers : 2 - Crunch : 3.
9:00 of 2nd period - Dylan Strome wins face-off versus Joe Labate in neutral zone.
9:50 of 2nd period - Snap shot by Pavel Kraskovsky.
9:50 of 2nd period - Stopped by Alex Nedeljkovic without a rebound.
9:51 of 2nd period - Jayson Megna wins face-off versus Max McCormick in Crunch zone.
9:52 of 2nd period - Snap shot by Andrew Shaw.
9:52 of 2nd period - Shot Blocked by Brendan Guhle.
9:56 of 2nd period - Snap shot by James Sheppard.
9:56 of 2nd period - Shot Misses the Net.
9:58 of 2nd period - Slapshot by Julian Melchiori.
9:58 of 2nd period - Stopped by Alex Nedeljkovic with a rebound.
10:00 of 2nd period - Snap shot by Joey Laleggia.
10:00 of 2nd period - Stopped by Alex Nedeljkovic with a rebound.
10:02 of 2nd period - Snap shot by Joey Laleggia.
10:02 of 2nd period - Goal by Joey Laleggia - Sound Tigers : 3 - Crunch : 3.
10:03 of 2nd period - James Sheppard wins face-off versus Dylan Strome in neutral zone.
10:12 of 2nd period - Wrist shot by Andrew Shaw.
10:12 of 2nd period - Goal by Andrew Shaw - Sound Tigers : 4 - Crunch : 3.
10:13 of 2nd period - Jayson Megna wins face-off versus Chase De Leo in neutral zone.
10:16 of 2nd period - Snap shot by Connor Murphy.
10:16 of 2nd period - Deflect By Andrew Shaw.
10:16 of 2nd period - Shot Blocked by Matt Tennyson.
10:16 of 2nd period - Puck is out of play.
10:17 of 2nd period - Nicolas Aube-Kubel wins face-off versus Jayson Megna in Crunch zone.
11:52 of 2nd period - Snap shot by Jayson Megna.
11:52 of 2nd period - Stopped by Alex Nedeljkovic with a rebound.
11:54 of 2nd period - Snap shot by Jayson Megna.
11:54 of 2nd period - Shot Misses the Net.
12:26 of 2nd period - Wrist shot by Oscar Sundqvist.
12:26 of 2nd period - Shot Misses the Net.
12:28 of 2nd period - Snap shot by Pontus Aberg.
12:28 of 2nd period - Stopped by Leland Irving with a rebound.
13:04 of 2nd period - Snap shot by Borna Rendulic.
13:04 of 2nd period - Deflect By Jayson Megna.
13:04 of 2nd period - Stopped by Alex Nedeljkovic with a rebound.
13:50 of 2nd period - Wrist shot by Ryan Bourque.
13:50 of 2nd period - Stopped by Alex Nedeljkovic with a rebound.
14:10 of 2nd period - Slapshot by Teemu Hartikainen.
14:10 of 2nd period - Stopped by Leland Irving with a rebound.
14:18 of 2nd period - Backhand shot by Kevin Fiala.
14:18 of 2nd period - Shot Blocked by Connor Murphy.
14:42 of 2nd period - James Sheppard is hit by Oscar Sundqvist and loses puck.
15:00 of 2nd period - Snap shot by Ben Thomson.
15:00 of 2nd period - Deflect By Joe Labate.
15:00 of 2nd period - Shot Blocked by Dalton Smith.
15:00 of 2nd period - Puck is out of play.
15:01 of 2nd period - Joe Labate wins face-off versus Teemu Hartikainen in Crunch zone.
15:17 of 2nd period - Wrist shot by Ben Thomson.
15:17 of 2nd period - Shot Misses the Net.
15:23 of 2nd period - Minor Penalty to Dylan Strome for Cross-checking.
15:24 of 2nd period - Oscar Sundqvist wins face-off versus Jayson Megna in Crunch zone.
16:22 of 2nd period - Wrist shot by Brian Ferlin.
16:22 of 2nd period - Shot Misses the Net.
16:24 of 2nd period - Slapshot by Julian Melchiori.
16:24 of 2nd period - Shot Misses the Net.
16:26 of 2nd period - Slapshot by Julian Melchiori.
16:26 of 2nd period - Stopped by Alex Nedeljkovic with a rebound.
16:28 of 2nd period - Snap shot by Joey Laleggia.
16:28 of 2nd period - Shot Blocked by Matt Tennyson.
16:30 of 2nd period - Slapshot by Julian Melchiori.
16:30 of 2nd period - Deflect By Ben Thomson.
16:30 of 2nd period - Stopped by Alex Nedeljkovic with a rebound.
16:42 of 2nd period - Snap shot by Brian Ferlin.
16:42 of 2nd period - Goal by Brian Ferlin - Sound Tigers : 5 - Crunch : 3.
16:43 of 2nd period - Jayson Megna wins face-off versus Dylan Strome in neutral zone.
17:08 of 2nd period - James Livingstone is hit by Noah Hanifin and loses puck.
18:01 of 2nd period - Dylan McIlrath is hit by Dalton Smith.
18:24 of 2nd period - Dylan McIlrath is hit by Kevin Fiala and loses puck.
18:37 of 2nd period - James Livingstone is hit by Matt Tennyson and loses puck.
19:02 of 2nd period - Snap shot by Pavel Kraskovsky.
19:02 of 2nd period - Shot Misses the Net.
19:04 of 2nd period - Slapshot by Brad Ross.
19:04 of 2nd period - Stopped by Alex Nedeljkovic with a rebound.
19:17 of 2nd period - Wrist shot by Andrew Shaw.
19:17 of 2nd period - Shot Blocked by Kirill Kaprizov.
19:31 of 2nd period - Kevin Fiala is hit by Ben Thomson and loses puck.
Goals for this period are 3 for Sound Tigers vs 1 for Crunch.
Shots for this period are 15 for Sound Tigers vs 11 for Crunch.
3rd period
0:01 of 3rd period - Dylan Strome wins face-off versus Jayson Megna in neutral zone.
0:03 of 3rd period - Off-side.
0:04 of 3rd period - Dylan Strome wins face-off versus Jayson Megna in neutral zone.
0:06 of 3rd period - Off-side.
0:07 of 3rd period - James Sheppard wins face-off versus Dylan Strome in neutral zone.
1:18 of 3rd period - Slapshot by Matt Tennyson.
1:18 of 3rd period - Shot Blocked by Brad Ross.
1:24 of 3rd period - Snap shot by Matt Tennyson.
1:24 of 3rd period - Shot Blocked by Brad Ross.
1:34 of 3rd period - Snap shot by Kevin Fiala.
1:34 of 3rd period - Shot Misses the Net.
1:36 of 3rd period - Slapshot by Dylan Strome.
1:36 of 3rd period - Shot Blocked by Julian Melchiori.
1:38 of 3rd period - Slapshot by Noah Hanifin.
1:38 of 3rd period - Stopped by Leland Irving with a rebound.
1:40 of 3rd period - Wrist shot by Dylan Strome.
1:40 of 3rd period - Shot Blocked by Joey Laleggia.
1:42 of 3rd period - Snap shot by Brendan Guhle.
1:42 of 3rd period - Stopped by Leland Irving with a rebound.
1:44 of 3rd period - Wrist shot by Brendan Guhle.
1:44 of 3rd period - Deflect By Julian Melchiori.
1:44 of 3rd period - Stopped by Leland Irving without a rebound.
1:45 of 3rd period - Jayson Megna wins face-off versus Oscar Sundqvist in Sound Tigers zone.
1:45 of 3rd period - Jayson Megna is hit by Pontus Aberg.
2:22 of 3rd period - Slapshot by William Nylander.
2:22 of 3rd period - Deflect By Ryan Bourque.
2:22 of 3rd period - Shot Blocked by Tyrell Goulbourne.
2:22 of 3rd period - Puck is out of play.
2:23 of 3rd period - Dylan Strome wins face-off versus Jayson Megna in Sound Tigers zone.
2:36 of 3rd period - Wrist shot by Kevin Fiala.
2:36 of 3rd period - Deflect By James Sheppard.
2:36 of 3rd period - Stopped by Leland Irving with a rebound.
3:55 of 3rd period - Snap shot by Pavel Kraskovsky.
3:55 of 3rd period - Stopped by Alex Nedeljkovic with a rebound.
3:57 of 3rd period - Wrist shot by Brad Ross.
3:57 of 3rd period - Stopped by Alex Nedeljkovic with a rebound.
3:59 of 3rd period - Snap shot by Borna Rendulic.
3:59 of 3rd period - Shot Blocked by Teemu Hartikainen.
4:01 of 3rd period - Slapshot by Julian Melchiori.
4:01 of 3rd period - Stopped by Alex Nedeljkovic without a rebound.
4:02 of 3rd period - Chase De Leo wins face-off versus Joe Labate in Crunch zone.
4:16 of 3rd period - Slapshot by Brian Ferlin.
4:16 of 3rd period - Goal by Brian Ferlin - Sound Tigers : 6 - Crunch : 3.
4:17 of 3rd period - Jayson Megna wins face-off versus Kevin Fiala in neutral zone.
4:23 of 3rd period - Connor Murphy is hit by Cody Goloubef and loses puck.
4:32 of 3rd period - Wrist shot by Andrew Shaw.
4:32 of 3rd period - Stopped by Alex Nedeljkovic without a rebound.
4:33 of 3rd period - Pontus Aberg wins face-off versus Ben Thomson in Crunch zone.
4:59 of 3rd period - Dylan McIlrath is hit by Kevin Fiala and loses puck.
5:08 of 3rd period - Connor Murphy is hit by Kevin Fiala and loses puck.
5:15 of 3rd period - Dylan Strome is hit by Dylan McIlrath and loses puck.
6:12 of 3rd period - Snap shot by William Nylander.
6:12 of 3rd period - Shot Misses the Net.
6:42 of 3rd period - Brendan Guhle is hit by Joey Laleggia and loses puck.
6:51 of 3rd period - Wrist shot by Teemu Hartikainen.
6:51 of 3rd period - Shot Blocked by Joey Laleggia.
6:53 of 3rd period - Backhand shot by Brendan Guhle.
6:53 of 3rd period - Shot Misses the Net.
7:09 of 3rd period - Slapshot by Kirill Kaprizov.
7:09 of 3rd period - Shot Misses the Net.
7:23 of 3rd period - Julian Melchiori is hit by Jacob Larsson and loses puck.
7:32 of 3rd period - Slapshot by Dylan McIlrath.
7:32 of 3rd period - Shot Misses the Net.
8:17 of 3rd period - Minor Penalty to James Livingstone for High sticking.
8:18 of 3rd period - Oscar Sundqvist wins face-off versus Andrew Shaw in Sound Tigers zone.
8:55 of 3rd period - Snap shot by Teemu Hartikainen.
8:55 of 3rd period - Shot Misses the Net.
9:05 of 3rd period - Cody Goloubef is hit by Julian Melchiori and loses puck.
10:17 of 3rd period - Penalty to James Livingstone is over, James Livingstone is back on ice.
10:48 of 3rd period - Wrist shot by James Sheppard.
10:48 of 3rd period - Stopped by Alex Nedeljkovic with a rebound.
11:01 of 3rd period - Max McCormick is hit by Alexander Yelesin and loses puck.
11:06 of 3rd period - Snap shot by James Sheppard.
11:06 of 3rd period - Shot Misses the Net.
11:14 of 3rd period - Snap shot by James Sheppard.
11:14 of 3rd period - Shot Misses the Net.
11:24 of 3rd period - Slapshot by James Sheppard.
11:24 of 3rd period - Stopped by Alex Nedeljkovic with a rebound.
11:26 of 3rd period - Slapshot by Julian Melchiori.
11:26 of 3rd period - Shot Misses the Net.
11:28 of 3rd period - Wrist shot by James Sheppard.
11:28 of 3rd period - Stopped by Alex Nedeljkovic without a rebound.
11:29 of 3rd period - Joe Labate wins face-off versus Dylan Strome in Crunch zone.
11:43 of 3rd period - Slapshot by Joey Laleggia.
11:43 of 3rd period - Deflect By Cody Goloubef.
11:43 of 3rd period - Stopped by Alex Nedeljkovic without a rebound.
11:44 of 3rd period - Oscar Sundqvist wins face-off versus Borna Rendulic in Crunch zone.
12:17 of 3rd period - Slapshot by Brian Ferlin.
12:17 of 3rd period - Stopped by Alex Nedeljkovic with a rebound.
12:19 of 3rd period - Slapshot by Julian Melchiori.
12:19 of 3rd period - Stopped by Alex Nedeljkovic without a rebound.
12:20 of 3rd period - Joe Labate wins face-off versus Kevin Fiala in Crunch zone.
12:27 of 3rd period - Slapshot by Teemu Hartikainen.
12:27 of 3rd period - Stopped by Leland Irving with a rebound.
12:33 of 3rd period - Snap shot by Teemu Hartikainen.
12:33 of 3rd period - Shot Misses the Net.
12:35 of 3rd period - Slapshot by Brendan Guhle.
12:35 of 3rd period - Stopped by Leland Irving with a rebound.
12:41 of 3rd period - Minor Penalty to Brian Ferlin for Hooking.
12:42 of 3rd period - Andrew Shaw wins face-off versus Oscar Sundqvist in Sound Tigers zone.
13:08 of 3rd period - Dylan McIlrath is hit by Kevin Fiala and loses puck.
13:13 of 3rd period - Slapshot by Cody Goloubef.
13:13 of 3rd period - Shot Blocked by Connor Murphy.
14:33 of 3rd period - Connor Murphy is hit by William Nylander and loses puck.
14:41 of 3rd period - Penalty to Brian Ferlin is over, Brian Ferlin is back on ice.
15:09 of 3rd period - Minor Penalty to Nicolas Aube-Kubel for Holding Stick.
15:10 of 3rd period - Oscar Sundqvist wins face-off versus Jayson Megna in Crunch zone.
15:34 of 3rd period - Oscar Sundqvist is hit by Ben Thomson and loses puck.
16:09 of 3rd period - Brian Ferlin is hit by Matt Tennyson and loses puck.
17:09 of 3rd period - Penalty to Nicolas Aube-Kubel is over, Nicolas Aube-Kubel is back on ice.
17:18 of 3rd period - Wrist shot by Ryan Bourque.
17:18 of 3rd period - Stopped by Alex Nedeljkovic without a rebound.
17:19 of 3rd period - Ryan Bourque wins face-off versus Axel Holmstrom in Crunch zone.
18:15 of 3rd period - Icing by Dylan Strome.
18:16 of 3rd period - Dylan Strome wins face-off versus Jayson Megna in Crunch zone.
18:16 of 3rd period - Dylan Strome is hit by Jayson Megna.
18:24 of 3rd period - Snap shot by Teemu Hartikainen.
18:24 of 3rd period - Stopped by Leland Irving with a rebound.
18:26 of 3rd period - Slapshot by Dylan Strome.
18:26 of 3rd period - Shot Misses the Net.
18:34 of 3rd period - James Sheppard is hit by Noah Hanifin and loses puck.
18:47 of 3rd period - Snap shot by Teemu Hartikainen.
18:47 of 3rd period - Stopped by Leland Irving with a rebound.
18:49 of 3rd period - Slapshot by Dylan Strome.
18:49 of 3rd period - Deflect By Teemu Hartikainen.
18:49 of 3rd period - Shot Misses the Net.
18:49 of 3rd period - Puck is out of play.
18:50 of 3rd period - Joe Labate wins face-off versus Oscar Sundqvist in Sound Tigers zone.
18:56 of 3rd period - Off-side.
18:57 of 3rd period - Oscar Sundqvist wins face-off versus Joe Labate in neutral zone.
19:28 of 3rd period - Wrist shot by Ben Thomson.
19:28 of 3rd period - Stopped by Alex Nedeljkovic with a rebound.
19:30 of 3rd period - Snap shot by Ben Thomson.
19:30 of 3rd period - Stopped by Alex Nedeljkovic with a rebound.
19:32 of 3rd period - Wrist shot by Brian Ferlin.
19:32 of 3rd period - Shot Misses the Net.
19:36 of 3rd period - Snap shot by Brian Ferlin.
19:36 of 3rd period - Stopped by Alex Nedeljkovic with a rebound.
Goals for this period are 1 for Sound Tigers vs 0 for Crunch.
Shots for this period are 15 for Sound Tigers vs 8 for Crunch.
Output by the SimonT Hockey Simulator (STHS) for Francois Prevost